AoeStats
← PsykotiK Cookie

Arabia

506886129Analyzed
4v4 RM · 17d ago on Sep 15, 2026· 46m 23s· 8 players
Game mode
Random Map
Map size
Large (8 player)
Population
200
Speed
Normal
Resources
Standard
Victory
Conquest
Starting age
Dark Age
Ending age
Imperial Age
RankedLock teamsTeams togetherTeam positionsShared explorationLock speedFull tech treeHidden civsTurbo modeCheats
Victory
Defeat
🇹🇷 Italians · Türkiye
662
+8
🇺🇸 Portuguese · United States
585
+11
🇲🇽 Inca · Mexico
546
+12
🇹🇷 Khmer · Türkiye
456
+16
🇫🇷 Franks · France
505
-13
🇹🇷 Chinese · Türkiye
503
-13
🇪🇸 Gurjaras · Spain
472
-12
🇮🇹 Teutons · Italy
401
-9
PsykotiK Cookie
KaosxD
hallerpeter14
1:44 Loom
14:00 Feudal Age
15:06 Horse Collar
15:17 Double-Bit Axe
15:41 Arson
21:45 Castle Age
20:14 Gold Mining
20:27 Stone Mining
20:56 Man-at-Arms
22:56 Heavy Plow
26:20 Stone Shaft Mining
25:31 Crossbowman
28:59 Bow Saw
32:38 Imperial Age
31:28 Man-at-Arms
35:41 Long Swordsman
36:31 Elite Teutonic Knight
40:48 Two-Handed Swordsman
43:34 Two-Man Saw
42:41 Pikeman
eng1n34
13:50 Feudal Age
15:57 Man-at-Arms
16:24 Arson
16:39 Horse Collar
16:47 Double-Bit Axe
20:30 Forging
20:22 Scale Mail Armor
24:44 Fletching
27:20 Padded Archer Armor
32:16 Castle Age
33:46 Pikeman
33:48 Long Swordsman
34:30 Squires
34:15 Crossbowman
35:03 Thumb Ring
36:08 Heavy Plow
luial10
14:14 Feudal Age
15:38 Wheelbarrow
14:50 Double-Bit Axe
14:47 Horse Collar
15:22 Stone Mining
15:22 Gold Mining
16:38 Town Watch
19:10 Bloodlines
24:01 Castle Age
23:38 Scale Barding Armor
24:28 Forging
24:20 Light Cavalry
25:03 Husbandry
27:38 Caravan
29:00 Hand Cart
31:11 Chain Barding Armor
32:18 Bow Saw
32:10 Heavy Plow
33:30 Stone Shaft Mining
33:53 Ballistics
33:25 Guard Tower
37:44 Imperial Age
34:59 Treadmill Crane
38:21 Town Patrol
39:26 Chemistry
39:05 Conscription
38:26 Pikeman
40:59 Loom
46:51 Keep
jsusdgz
8:13 Loom
11:08 Feudal Age
15:27 Champi Runner
20:11 Castle Age
18:34 Horse Collar
18:40 Double-Bit Axe
23:54 Champi Warrior
32:47 Imperial Age
30:42 Gold Mining
30:16 Crossbowman
33:09 Elite Champi Warrior
34:02 Arbalester
37:46 Chemistry
40:16 Forging
39:56 Fletching
40:07 Padded Archer Armor
44:35 Iron Casting
43:56 Bodkin Arrow
44:16 Leather Archer Armor
TNT1905
0:46 Loom
12:49 Feudal Age
14:03 Horse Collar
14:40 Double-Bit Axe
22:52 Stone Mining
22:52 Gold Mining
28:55 Castle Age
31:54 Caravan
33:28 Wheelbarrow
32:39 Town Watch
33:37 Coinage
33:51 Gold Shaft Mining
33:51 Stone Shaft Mining
33:34 Bow Saw
36:21 Heavy Plow
40:27 Imperial Age
38:12 Hand Cart
38:15 Town Patrol
39:30 Tusk Swords
42:09 Double Crossbow
43:15 Elite Ballista Elephant
Sedat
5:31 Loom
9:55 Feudal Age
12:40 Double-Bit Axe
12:37 Horse Collar
19:06 Castle Age
18:10 Stone Mining
22:32 Wheelbarrow
24:55 Town Watch
30:12 Imperial Age
27:36 Gold Mining
30:19 Scale Mail Armor
30:29 Forging
30:49 Silk Road
31:23 Caravan
32:34 Town Watch
33:56 Chain Mail Armor
34:17 Iron Casting
34:07 Murder Holes
35:56 Plate Mail Armor
35:18 Fletching
35:30 Padded Archer Armor
37:57 Town Patrol
38:00 Heavy Plow
38:19 Hand Cart
37:34 Elite Skirmisher
39:13 Bow Saw
40:48 Blast Furnace
40:04 Leather Archer Armor
39:45 Bodkin Arrow
42:58 Elite Genoese Crossbowman
45:46 Chemistry
45:21 Ring Archer Armor
44:57 Bracer
45:25 Ballistics
Connection lost

Rejoining the realm…

Still unreachable

The connection could not be restored.

Session expired

The server has moved on; the page needs a fresh start.